Map: Alcyone LE

Players

A.I. 1 (Very Easy)

  • Race: Terran Terran
  • Spawn Location: 7:00

BuRny - Winner!

  • Race: Terran Terran
  • Spawn Location: 1:00

VOD

Have the link to the VOD?

Description

Time

  • Played on: Jan. 20, 2024, 10:05 a.m.
  • Length: 6:48
Show
View Real Time Build Order
Export as new Build Order

A.I. 1 (Very Easy) Terran 

Build Orders:  

Get SALT Encoding   

  12  0:00  SCV  
  13  0:13  SCV  
  14  0:18  Supply Depot  
  14  0:37  Refinery  
  14  0:42  Barracks  
  14  1:03  Supply Depot  
  14  1:12  Refinery  
  14  1:29  Barracks Tech Lab  
  14  1:30  Orbital Command  
  14  1:47  Marine  
  15  1:56  SCV  
  16  2:08  SCV  
  17  2:20  SCV  
  18  2:28  Marine  
  19  2:32  SCV  
  20  2:44  SCV  
  21  2:56  SCV  
  22  3:09  Marauder  
  24  6:21  SCV  
  24  6:22  Marine  
  24  6:24  Supply Depot  
  25  6:26  Factory  
  25  6:29  Command Center  
  25  6:34  SCV  
Show
View Real Time Build Order
Export as new Build Order

BuRny Terran - Winner!

Build Orders: Cyclone Opening 

Get SALT Encoding   

  12  0:00  SCV  
  13  0:12  SCV  
  14  0:17  Supply Depot  
  14  0:24  SCV  
  15  0:38  SCV  
  15  0:39  Barracks  
  16  0:45  Refinery  
  16  0:50  SCV  
  16  0:54  Refinery  
  17  1:02  SCV  
  18  1:14  SCV  
  19  1:27  Orbital Command, Reaper  
  20  1:41  Factory  
  20  1:45  Supply Depot  
  20  1:52  SCV  
  21  1:59  Reaper  
  22  2:04  SCV  
  23  2:16  SCV  
  23  2:21  Command Center  
  24  2:28  SCV  
  27  2:30  Cyclone  
  27  2:33  Barracks Reactor  
  27  2:40  SCV  
  27  2:43  Starport  
  28  2:53  SCV  
  28  2:55  Supply Depot  
  29  3:02  Factory Tech Lab  
  29  3:05  SCV  
  30  3:09  Marine  
  31  3:16  Marine  
  31  3:17  SCV  
  33  3:20  Starport Tech Lab  
  33  3:21  Siege Tank  
  36  3:29  SCV  
  36  3:32  Orbital Command  
  38  3:41  SCV  
  38  3:45  Stimpack  
  38  3:46  Marine  
  38  3:48  Barracks, Starport Reactor  
  39  3:53  SCV  
  40  3:57  SCV  
  41  4:05  SCV  
  41  4:06  Siege Tank  
  41  4:08  Barracks  
  46  4:10  SCV  
  46  4:17  SCV, Refinery  
  46  4:18  Supply Depot  
  46  4:19  Marine  
  46  4:22  SCV  
  49  4:29  SCV  
  50  4:32  Medivac  
  50  4:34  SCV  
  50  4:36  Marine  
  54  4:40  Marine  
  54  4:41  SCV, Supply Depot  
  54  4:42  Medivac  
  58  4:46  Supply Depot  
  58  4:48  SCV  
  58  4:51  Marine  
  60  4:54  SCV  
  60  4:56  Marine  
  62  5:02  Medivac, Marine x2  
  62  5:03  SCV  
  62  5:05  Supply Depot  
  67  5:09  Marine  
  67  5:12  Medivac  
  67  5:13  Marine  
  71  5:14  SCV  
  71  5:15  SCV  
  71  5:20  Marine  
  74  5:24  Siege Tank  
  74  5:25  Marine  
  74  5:26  Marine  
  74  5:27  SCV  
  74  5:28  Supply Depot, SCV  
  81  5:31  Marine  
  82  5:37  Engineering Bay  
  82  5:38  Marine, Engineering Bay  
  82  5:39  Refinery  
  82  5:41  SCV  
  82  5:42  SCV  
  85  5:43  Marine  
  85  5:49  Marine  
  86  5:51  Marine  
  86  5:56  Marine  
  89  6:01  Marine  
  89  6:03  Siege Tank  
  93  6:05  SCV  
  93  6:08  Command Center  
  94  6:12  Marine, Supply Depot  
  94  6:13  SCV  
  94  6:16  Marine  
  94  6:18  SCV  
  98  6:22  Starport Reactor, Marine  
  99  6:26  SCV  
  99  6:29  Marine x2  
  102  6:34  SCV  
Tags
 
Matchup
TvT
Race
Terran
Spawn Locations
Cross Positions
Add a new tag
Caveats
  • Supply blocks, unpowered buildings, or Contaminate may cause inaccurate times.
  • Supply counts are checked every 10 seconds.